 Dungeon Crawl Stone Soup version 0.24.0-13-gcf9b3192b9 (webtiles) character file.

Game seed: 16491035794122799107, levelgen mode: deterministic

400 MisterOstroum the Vandal (level 6, 0/48 HPs)
             Began as a Demonspawn Monk on Nov 7, 2019.
             Slain by an orc priest
             ... wielding a +0 dagger
              (5 damage)
             ... on level 3 of the Dungeon.
             The game lasted 00:04:28 (2761 turns).

MisterOstroum the Vandal (Demonspawn Monk)          Turns: 2761, Time: 00:04:28

Health: 0/48       AC: 11    Str: 11 (14) XL:     6   Next: 54%
Magic:  6/6        EV:  5    Int:  9 (11) God:
Gold:   174        SH:  0    Dex: 13 (15) Spells: 5/5 levels left

rFire    + + .     SeeInvis .   c - +0 hunting sling
rCold    + . .     Gourm    .   (no shield)
rNeg     . . .     Faith    .   o - +0 chain mail {rF+}
rPois    +         Spirit   .   r - +0 helmet
rElec    +         Reflect  .   m - scarf {repulsion}
rCorr    +         Harm     .   q - +1 pair of gloves
MR       .....                  (no boots)
Stlth    ..........             (no amulet)
HPRegen  0.16/turn              (no ring)
MPRegen  0.10/turn              (no ring)

@: resistant, flying, hasted, repel missiles, very quick
A: talons 1, powered by death 1, powered by pain 1
a: no special abilities


You were on level 3 of the Dungeon.
You were not hungry.

You visited 1 branch of the dungeon, and saw 3 of its levels.

You collected 174 gold pieces.

Inventory:

Hand Weapons
 a - a +0 spear
 c - a +0 hunting sling (weapon)
Missiles
 f - 53 stones (quivered)
Armour
 b - a +0 robe
 i - a +0 ring mail
 m - a scarf of repulsion (worn)
 o - a +0 chain mail of fire resistance (worn)
 q - a +1 pair of gloves (worn)
 r - a +0 helmet (worn)
Scrolls
 d - 2 scrolls of teleportation
 j - a scroll of remove curse {unknown}
 k - a scroll of enchant armour
 l - 2 scrolls of identify {@r1}
 p - a scroll of fear {unknown}
Potions
 g - a potion of agility {@q5 !q}
 h - a potion of resistance
Comestibles
 e - 3 rations
 s - 2 chunks of flesh


   Skills:
 * Level 4.0 Fighting
 * Level 3.7 Polearms
 - Level 4.5 Slings
 + Level 1.4 Armour
 - Level 2.6 Dodging
 - Level 1.7 Stealth


You had 5 spell levels left.
You didn't know any spells.
Your spell library contained the following spells:

 Spells                   Type           Power        Failure   Level  Hunger
 Animate Skeleton         Necr           N/A          100%        1    ##.....
 Pain                     Necr           #...         100%        1    ##.....
 Regeneration             Chrm/Necr      #.........   100%        3    ####...
 Vampiric Draining        Necr           #.........   100%        3    ####...
 Animate Dead             Necr           N/A          100%        4    #####..


Dungeon Overview and Level Annotations

Branches:
Dungeon (3/15)

Altars:
Ashenzari

Annotations:
D:3 1 runed translucent door, exclusion: door, Crazy Yiuf


Innate Abilities, Weirdness & Mutations

You have sharp toenails.
You regenerate a little health from kills.
You sometimes gain a little power by taking damage.


Message History

You shoot a stone. The stone hits the orc wizard.
The orc wizard is almost dead.
You feel sick.
The orc priest casts a cantrip, but nothing happens.
The orc wizard hits you with a +1 vampiric whip.
Firing (i - inventory)
f - 62 stones (quivered)
Press: ? - help, Shift-Dir - straight line, f/p - orc wizard
Aim: an orc wizard, wielding a +1 vampiric whip and wearing a +0 robe (almost dead)
You shoot a stone.
The stone hits the orc wizard but does no damage.
The orc wizard is almost dead.
The orc wizard hits you but does no damage.
Firing (i - inventory)
f - 61 stones (quivered)
Press: ? - help, Shift-Dir - straight line, f/p - orc wizard
Aim: an orc wizard, wielding a +1 vampiric whip and wearing a +0 robe (almost dead)
You shoot a stone. The stone barely misses the orc wizard.
The orc priest mumbles some strange prayers to Beogh against you.
Beogh smites you!
The orc wizard begins to cast a cantrip, but forgets the words!
You are too injured to fight recklessly!
You are too injured to fight recklessly!
You are too injured to fight recklessly!
Firing (i - inventory)
f - 60 stones (quivered)
Press: ? - help, Shift-Dir - straight line, f - orc priest, p - orc wizard
Aim: an orc priest, wielding a +0 dagger and wearing a +0 leather armour (heavily wounded)
You shoot a stone.
The stone hits the orc wizard but does no damage.
The orc wizard is almost dead.
You feel sick.
The orc wizard hits you but does no damage.
Firing (i - inventory)
f - 59 stones (quivered)
Press: ? - help, Shift-Dir - straight line, f/p - orc priest
Aim: an orc priest, wielding a +0 dagger and wearing a +0 leather armour (heavily wounded)
You shoot a stone.
The stone closely misses the orc priest.
The orc priest hits you but does no damage.
The orc wizard barely misses you.
Firing (i - inventory)
f - 58 stones (quivered)
Press: ? - help, Shift-Dir - straight line, f/p - orc priest
Aim: an orc priest, wielding a +0 dagger and wearing a +0 leather armour (heavily wounded)
You shoot a stone.
The stone closely misses the orc priest.
The orc priest closely misses you.
The orc wizard casts a spell.
The orc wizard flickers and vanishes!
Deactivating autopickup; reactivate with Ctrl-A.
Firing (i - inventory)
f - 57 stones (quivered)
Press: ? - help, Shift-Dir - straight line, f/p - orc priest
Aim: an orc priest, wielding a +0 dagger and wearing a +0 leather armour (heavily wounded)
Okay, then.
The orc priest invokes the aid of Beogh against you.
Pain shoots through your body!
You feel sick.
The orc priest calls down the wrath of Beogh upon you.
Beogh smites you!
Firing (i - inventory)
f - 57 stones (quivered)
Press: ? - help, Shift-Dir - straight line, f/p - orc priest
Aim: an orc priest, wielding a +0 dagger and wearing a +0 leather armour (heavily wounded)
You shoot a stone. The stone hits the orc priest.
The orc priest is almost dead.
The orc priest calls down the wrath of Beogh upon you.
Pain shoots through your body!
* * * LOW HITPOINT WARNING * * *
Firing (i - inventory)
f - 56 stones (quivered)
Press: ? - help, Shift-Dir - straight line, f/p - orc priest
Aim: an orc priest, wielding a +0 dagger and wearing a +0 leather armour (almost dead)
You shoot a stone. The stone barely misses the orc priest.
The orc priest hits you but does no damage.
It was a potion of resistance.
You feel protected.
You feel sick.
The orc priest hits you but does no damage.
It was a potion of haste.
You feel yourself speed up.
The orc priest hits you but does no damage.
It was a potion of flight.
You feel very buoyant.
You fly up into the air.
The orc priest hits you but does no damage.
You hear some strange, mumbled words.
It was a potion of degeneration.
There was something very wrong with that liquid.
You feel weakened.
You feel dopey.
You feel clumsy.
Okay, then.
Firing (i - inventory)
f - 55 stones (quivered)
Press: ? - help, Shift-Dir - straight line, f/p - orc priest
Aim: an orc priest, wielding a +0 dagger and wearing a +0 leather armour (almost dead)
You shoot a stone. The stone barely misses the orc priest.
The orc priest calls down the wrath of Beogh upon you.
You barely resist.
Firing (i - inventory)
f - 54 stones (quivered)
Press: ? - help, Shift-Dir - straight line, f/p - orc priest
Aim: an orc priest, wielding a +0 dagger and wearing a +0 leather armour (almost dead)
You shoot a stone.
The stone closely misses the orc priest.
Reactivating autopickup.
Your Fighting skill increases to level 4!
You feel a bit more experienced.
You feel sick.
You are no longer poisoned.
The orc priest hits you with a +0 dagger.
You die...

..##....#.###....##....##.#
#.
#..).............##.##.##.#
#.
####.########....##(##.##.#
#. #.########....(.....##.#
#. #.##......>..(...##.##.#
#. #.##.###.#..(###.##.##.#
#. #.##.# #.#.(.# #.##.##.#
#. #.##.###.#.(####.##...>#
#. #........#((o@...##..###
#. ####.##..#..###.#.#..#
#. #.##..#..##.###...# #.
#.##.......## ##..# #.
#.#####..##.###.#.# #.
#........###.#..#.# #.
#####.....[.......# #. ###
#.#...#####.### #. ..#
#.#......##.##########.


You could see an orc priest.

Vanquished Creatures
  Grinder (D:3)
  An orc priest (D:3)
  An orc wizard (D:3)
  Terence (D:2)
  4 adders
  An ooze (D:1)
  A worm (D:3)
  2 dart slugs
  2 leopard geckos
  7 orcs (D:3)
  A ball python (D:2)
  4 bats
  A giant cockroach (D:2)
  7 goblins
  8 hobgoblins
  3 frilled lizards
  15 kobolds
  8 rats
68 creatures vanquished.

Notes
Turn   | Place    | Note
-------+----------+-------------------------------------------
     0 | D:1      | MisterOstroum the Demonspawn Monk began the quest for the
                  | Orb.
     0 | D:1      | Reached XP level 1. HP: 18/18 MP: 1/1
    92 | D:1      | Reached skill level 1 in Slings
   192 | D:1      | Gained mutation: You have sharp toenails. [demonic
                  | ancestry]
   192 | D:1      | Reached XP level 2. HP: 22/24 MP: 2/2
   620 | D:2      | Noticed Terence
   634 | D:1      | Reached XP level 3. HP: 27/29 MP: 3/3
  1157 | D:2      | Found a shattered altar of Ashenzari.
  1179 | D:2      | Gained mutation: You sometimes gain a little power by
                  | taking damage. [demonic ancestry]
  1179 | D:2      | Reached XP level 4. HP: 35/35 MP: 4/4
  1217 | D:2      | Killed Terence
  1916 | D:3      | Reached XP level 5. HP: 41/41 MP: 5/5
  1949 | D:3      | Noticed Grinder
  1978 | D:3      | Found a runed translucent door.
  1979 | D:3      | Noticed Crazy Yiuf
  2124 | D:3      | Paralysed by Grinder for 5 turns
  2147 | D:3      | Paralysed by Grinder for 7 turns
  2157 | D:3      | Killed Grinder
  2157 | D:3      | Reached skill level 1 in Armour
  2157 | D:3      | Gained mutation: You regenerate a little health from kills.
                  | [demonic ancestry]
  2157 | D:3      | Reached XP level 6. HP: 23/48 MP: 6/6
  2761 | D:3      | Slain by an orc priest

Levels and vault maps discovered:
D:1:      dpeg_arrival_lava_temple_mockup, layout_basic
D:2:      layout_rooms, ashenzari_altar_1, first_ration, minmay_box_of_dots,
          uniq_terence
D:3:      layout_loops_ring, uniq_grinder, uniq_crazy_yiuf_cottage

Skill      XL: |  1  2  3  4  5  6 |
---------------+-------------------+-----
Slings         | 1 2 3 4 |  4.5
Polearms       | 3 |  3.7
Armour         | 1 |  1.4
Fighting       | 4 |  4.0
Dodging        | |  2.6
Stealth        | |  1.7

Action                   |  1- 3 |  4- 6 || total
-------------------------+-------+-------++-------
Melee: Spear             |     9 |    30 ||    39
       Kick              |     3 |     6 ||     9
 Fire: Hunting sling     |   148 |   111 ||   259
  Use: Scroll            |       |     3 ||     3
       Potion            |       |     4 ||     4
  Eat: Ration            |       |     1 ||     1
       Chunk             |       |     2 ||     2
Armor: Ring mail         |    21 |     1 ||    22
       Robe              |     2 |       ||     2
       Chain mail        |       |    33 ||    33
Dodge: Dodged            |    32 |    22 ||    54
       Deflected         |       |     4 ||     4
